[Event "DVM U20w 2019"]
[Site "Braunschweig"]
[Date "2019.12.28"]
[Round "3"]
[White "Köhler, Inken"]
[Black "Ziegenfuss, Antonia"]
[Result "0-1"]
[ECO "B23"]
[WhiteElo "1998"]
[BlackElo "2052"]
[Annotator "NA RC"]
[PlyCount "66"]
[EventDate "2019.12.27"]
[EventType "team-tourn"]
[EventRounds "7"]
[EventCountry "GER"]
[SourceTitle "playchess.com"]
[Source "ChessBase"]
[SourceQuality "1"]
[WhiteTeam "TuRa Harksheide Norderstedt"]
[BlackTeam "OSG Baden-Baden"]
[TimeControl "40/5400+30:1800+30"]

1. e4 c5 2. Nc3 e6 3. g3 {[%emt 0:00:00] unterminated} Nc6 4. Bg2 Nf6 {[%emt 0:00:38] unterminated} 5. Nf3 {[%emt 0:01:14] unterminated} d5 {[%emt 0:05:12] unterminated} 6. exd5 {[%emt 0:01:37] unterminated} exd5 {[%emt 0:00:52] unterminated} 7. d4 {[%emt 0:05:19] unterminated} cxd4 8. Nxd4 {[%emt 0:00:13] unterminated} Bb4 {[%emt 0:00:59] unterminated} 9. O-O {[%emt 0:03:40] unterminated} O-O {[%emt 0:02:09] unterminated} 10. Nce2 {[%emt 0:03:15] unterminated B24: Closed Sicilian: 3 g3 sidelines} Re8 {[%emt 0:12:45] unterminated} (10... h6 11. h3 Re8 12. Nf4 Ne4 13. c3 Bc5 14. Be3 Bb6 15. Re1 Nf6 16. Qd3 Ne5 17. Qc2 Nc4 {1-0 (43) Bartel,M (2641)-Safarli,E (2649) Dubai 2014}) 11. c3 {[%emt 0:01:51] unterminated} Bc5 {[%emt 0:02:56] unterminated} 12. Bg5 h6 $146 ({Predecessor:} 12... Bg4 13. f3 Bh5 14. Kh1 Ne5 15. Nf4 Bg6 16. Nb3 Bb6 17. Bxf6 gxf6 18. Qxd5 {0-1 (37) Bjornsson,Y (2101)-McIntosh,D (1739) Edmonton 2003}) 13. Bxf6 Qxf6 14. Bxd5 Bg4 15. Qd2 Rad8 16. Bxc6 Rxe2 17. Qf4 Qxf4 18. gxf4 Bxd4 19. Ba4 Bh3 20. cxd4 Bxf1 21. Rxf1 Rxd4 22. Bb3 Rxf4 23. Kg2 Rxb2 24. Kg3 g5 25. h3 Kg7 26. Bd5 Rd4 27. Bb3 a5 28. Rc1 a4 29. Bc4 Rf4 30. f3 h5 31. h4 Rxh4 32. Bd5 Rbh2 {[%emt 0:00:17] normal} 33. Rc7 R4h3# {normal} 0-1

[Event "DVM U20w 2019"]
[Site "Braunschweig"]
[Date "2019.12.28"]
[Round "3"]
[White "Moenster, Madita"]
[Black "Pavlov, Liliane"]
[Result "0-1"]
[ECO "B90"]
[WhiteElo "1956"]
[BlackElo "1623"]
[Annotator "NA"]
[PlyCount "86"]
[EventDate "2019.12.27"]
[EventType "team-tourn"]
[EventRounds "7"]
[EventCountry "GER"]
[SourceTitle "playchess.com"]
[Source "ChessBase"]
[SourceQuality "1"]
[WhiteTeam "SV Lingen"]
[BlackTeam "SC Bavaria Regensburg"]
[TimeControl "40/5400+30:1800+30"]

1. e4 c5 2. Nf3 d6 3. d4 cxd4 4. Nxd4 Nf6 5. Nc3 a6 6. f3 e5 7. Nb3 Be6 {[%emt 0:01:10] unterminated} 8. Be3 {[%emt 0:00:48] unterminated} Nbd7 9. Qd2 {[%emt 0:01:26] unterminated} Be7 10. O-O-O {[%emt 0:00:55] unterminated} O-O {[%emt 0:02:34] unterminated} 11. g4 b5 {[%emt 0:01:45] unterminated} 12. Kb1 {[%emt 0:05:09] unterminated unterminated. B90: Sicilian Najdorf: Unusual White 6th moves, 6 Be3 Ng4 and 6 Be3 e5} Nb6 {[%emt 0:04:37] unterminated} 13. g5 {[%emt 0:09:26] unterminated} Nh5 {[%emt 0:04:48] unterminated} 14. Nd5 {[%emt 0:05:27] unterminated} (14. Na5 Rc8 15. a3 g6 16. h4 Ng3 17. Rh2 Nxf1 18. Rxf1 h5 19. Bxb6 Qxb6 20. Nd5 Bxd5 21. exd5 {½-½ (35) Navara,D (2739)-Wojtaszek,R (2722) Prague 2019}) 14... Bxd5 {[%emt 0:02:47] unterminated} 15. exd5 {[%emt 0:00:08] unterminated} Nc4 {[%emt 0:01:12] unterminated} 16. Bxc4 $1 {[%emt 0:02:03] unterminated} bxc4 {[%emt 0:08:01] unterminated} 17. Na5 {[%emt 0:02:46] unterminated} c3 {[%emt 0:16:20] unterminated} 18. Qxc3 {[%emt 0:01:56] unterminated} Bxg5 {[%emt 0:02:42] unterminated} 19. Nb7 {[%emt 0:09:56] unterminated} Qe7 $146 {[%emt 0:01:39] unterminated} ({Predecessor:} 19... Qd7 20. Bxg5 Qxb7 {1-0 (49) Kritz,L (2544)-Sondermann,J (2164) Biel 2005}) 20. Nxd6 {[%emt 0:15:11] unterminated} Bxe3 {[%emt 0:06:07] unterminated} 21. Nf5 {[%emt 0:00:21] Double Attack unterminated} Qf6 22. Nxe3 {[%emt 0:00:41] unterminated} Qxf3 23. Rhf1 {[%emt 0:01:51] unterminated} Qh3 {[%emt 0:01:08] unterminated} 24. Qd2 {[%emt 0:03:38] unterminated} f5 {[%emt 0:06:50] unterminated} 25. d6 {[%emt 0:08:15] unterminated} f4 {[%emt 0:03:43] unterminated} 26. Qd5+ Kh8 {[%emt 0:00:29] unterminated} 27. Nc4 {[%emt 0:00:54] unterminated} Qxh2 {[%emt 0:03:03] unterminated} 28. Rh1 {[%emt 0:03:59] unterminated} Qe2 29. Nxe5 g6 30. d7 Nf6 31. Qa5 Qe4 32. d8=Q Raxd8 33. Nf7+ Rxf7 34. Qxd8+ Kg7 35. Rhe1 Qf3 36. Re7 Qxd1+ 37. Qxd1 Rxe7 38. c4 {[%emt 0:00:38] unterminated} Ne4 {[%emt 0:01:30] unterminated} 39. c5 f3 {[%emt 0:01:12] unterminated} 40. Kc2 {[%emt 0:03:03] unterminated} (40. Qd8 $142 Re5 41. Qb8 (41. Qd4 $2 Kf6 $19)) 40... f2 {[%emt 0:01:34] unterminated} 41. Qd4+ {[%emt 0:05:46] unterminated} Kh6 {[%emt 0:11:54] unterminated} 42. Qe3+ {[%emt 0:03:45] unterminated} g5 {[%emt 0:00:37] unterminated} 43. Qf3 $19 Kg7 {[%emt 0:05:11] normal} 0-1

[Event "DVM U20w 2019"]
[Site "Braunschweig"]
[Date "2019.12.28"]
[Round "3"]
[White "Wiesner, Paula"]
[Black "Peglau, Mirjam"]
[Result "1/2-1/2"]
[ECO "E46"]
[WhiteElo "1955"]
[BlackElo "1916"]
[Annotator "NA"]
[PlyCount "36"]
[EventDate "2019.12.27"]
[EventType "team-tourn"]
[EventRounds "7"]
[EventCountry "GER"]
[SourceTitle "playchess.com"]
[Source "ChessBase"]
[SourceQuality "1"]
[WhiteTeam "SC Borussia Lichtenberg"]
[BlackTeam "Schachzentrum Seeblick"]
[TimeControl "40/5400+30:1800+30"]

1. d4 Nf6 2. c4 e6 3. Nc3 Bb4 4. e3 O-O 5. Nge2 Re8 6. a3 Bf8 {[%emt 0:00:07] unterminated} 7. Ng3 {[%emt 0:03:49] unterminated} d5 {[%emt 0:00:16] unterminated} 8. cxd5 {[%emt 0:03:01] unterminated} exd5 9. Bd3 {[%emt 0:00:38] unterminated} c6 {[%emt 0:02:26] unterminated} 10. O-O Bg4 {[%emt 0:01:38] unterminated} 11. Qc2 {[%emt 0:03:47] unterminated} Nbd7 {[%emt 0:03:21] unterminated} 12. Kh1 {[%emt 0:06:53] unterminated} Bd6 {[%emt 0:03:54] unterminated} 13. Nf5 {[%emt 0:06:19] unterminated} Bxf5 14. Bxf5 {[%emt 0:00:04] unterminated} Nf8 {[%emt 0:07:03] unterminated} 15. f3 {[%emt 0:04:20] unterminated} g6 {[%emt 0:02:39] unterminated} 16. Bd3 {[%emt 0:06:21] unterminated} Ne6 $11 17. Qf2 Qb6 18. e4 {[%emt 0:04:11] normal} Qxd4 1/2-1/2

[Event "DVM U20w 2019"]
[Site "Braunschweig"]
[Date "2019.12.28"]
[Round "3"]
[White "Sherif, Amina"]
[Black "Visvikis, Kassandra"]
[Result "1-0"]
[ECO "D04"]
[WhiteElo "1945"]
[BlackElo "1568"]
[Annotator "NA RC"]
[PlyCount "83"]
[EventDate "2019.12.27"]
[EventType "team-tourn"]
[EventRounds "7"]
[EventCountry "GER"]
[SourceTitle "playchess.com"]
[Source "ChessBase"]
[SourceQuality "1"]
[WhiteTeam "TuRa Harksheide Norderstedt"]
[BlackTeam "OSG Baden-Baden"]
[TimeControl "40/5400+30:1800+30"]

1. d4 d5 2. Nf3 Nf6 3. e3 c5 4. Bd3 Nc6 5. O-O e6 6. b3 Be7 7. Bb2 O-O 8. Nbd2 {[%emt 0:00:19] unterminated} a6 {[%emt 0:03:26] unterminated unterminated. D05: Colle System with ...e6} (8... b6 9. a3 Bb7 10. Qe2 Qc7 11. Rac1 Rac8 12. c4 dxc4 13. bxc4 cxd4 14. exd4 Rfe8 15. Rfe1 Qb8 16. Ne4 Na5 17. Neg5 Qf4 18. Nxe6 fxe6 19. Qxe6+ {0-1 (33) Mamedyarov,S (2808)-Nakamura,H (2769) Paris 2018}) 9. c4 {[%emt 0:20:22] unterminated} Rb8 {[%emt 0:12:11] unterminated} 10. Rc1 $146 {[%emt 0:03:00] unterminated} ({Predecessor:} 10. cxd5 exd5 11. dxc5 Bxc5 12. Bxf6 Qxf6 13. Bxh7+ Kxh7 14. Qc2+ Qg6 15. Qxc5 Bh3 16. Ne1 {1-0 (39) Kirsanova,E (2159)-Skytte,T (1948) Aarhus 2012}) 10... cxd4 11. exd4 {[%emt 0:00:29] unterminated} Bd7 {[%emt 0:13:45] unterminated} 12. Ne5 {[%emt 0:09:18] unterminated} dxc4 {[%emt 0:10:22] unterminated} 13. bxc4 {[%emt 0:02:15] unterminated} Qb6 {[%emt 0:02:57] unterminated} 14. Nxd7 Nxd7 {[%emt 0:00:09] unterminated} 15. Rb1 {[%emt 0:05:49] unterminated} Qa5 {[%emt 0:03:38] unterminated} 16. a3 Bf6 {[%emt 0:00:42] unterminated} 17. Nf3 {[%emt 0:09:14] unterminated} Rfd8 {[%emt 0:03:17] unterminated} 18. Qe2 {[%emt 0:01:46] unterminated} Nf8 {[%emt 0:09:07] unterminated} 19. Rfd1 {[%emt 0:01:57] unterminated} Qh5 {[%emt 0:01:19] unterminated} 20. d5 exd5 21. Bxf6 gxf6 22. cxd5 Rxd5 {[%emt 0:00:41] unterminated} 23. Be4 {[%emt 0:02:26] unterminated} Rxd1+ {[%emt 0:01:54] unterminated} 24. Qxd1 {[%emt 0:02:32] unterminated} Qc5 {[%emt 0:05:40] unterminated} 25. Qb3 {[%emt 0:02:28] unterminated} Ne6 26. h3 {[%emt 0:01:00] unterminated} f5 {[%emt 0:01:55] unterminated} 27. Bd5 {[%emt 0:01:23] unterminated} Ncd8 {[%emt 0:01:44] unterminated} 28. Ne5 Qc7 {[%emt 0:01:20] unterminated} 29. Qe3 $2 ({White should play} 29. Qg3+ $18 Ng7 30. Nxf7 Qxg3 31. Nxd8+ Kf8 32. fxg3 Rxd8 33. Bxb7) 29... f4 30. Qe2 Qe7 31. Re1 Qf6 32. Nd7 Qd4 33. Bxe6 Ra8 34. Qg4+ {[%emt 0:00:24] normal} Kh8 35. Bf5 Nc6 36. Qh4 Qg7 37. Nf6 h6 {[%emt 0:00:05] normal} 38. Ng4 Nd4 39. Qh5 f3 40. Re7 Nxf5 {[%emt 0:00:30] normal} 41. Qxf5 {[%emt 0:00:59] normal} fxg2 42. Rxf7 {[%emt 0:00:42] normal} 1-0

[Event "DVM U20w 2019"]
[Site "Braunschweig"]
[Date "2019.12.28"]
[Round "3"]
[White "Bashylina, Luisa"]
[Black "Rudolph, Eva"]
[Result "0-1"]
[ECO "B42"]
[WhiteElo "1935"]
[BlackElo "1711"]
[Annotator "NA RC"]
[PlyCount "74"]
[EventDate "2019.12.27"]
[EventType "team-tourn"]
[EventRounds "7"]
[EventCountry "GER"]
[SourceTitle "playchess.com"]
[Source "ChessBase"]
[SourceQuality "1"]
[WhiteTeam "SG Solingen"]
[BlackTeam "Düsseldorfer SK"]
[TimeControl "40/5400+30:1800+30"]

1. e4 c5 2. Nf3 e6 3. d4 cxd4 4. Nxd4 a6 5. Bd3 Nf6 6. O-O {[%emt 0:00:06] unterminated} Qc7 {[%emt 0:00:22] unterminated} 7. Qe2 {[%emt 0:00:47] unterminated} d6 {[%emt 0:02:15] unterminated} 8. f4 {[%emt 0:01:35] unterminated} Nbd7 {[%emt 0:08:13] unterminated} 9. c4 {[%emt 0:05:22] unterminated} Be7 10. Nc3 {[%emt 0:00:55] unterminated} b6 11. Bd2 {[%emt 0:00:58] unterminated} Bb7 {[%emt 0:04:39] unterminated} 12. Rae1 {[%emt 0:01:39] unterminated} Nc5 {[%emt 0:11:41] unterminated} 13. Bc2 {[%emt 0:02:37] unterminated} O-O {[%emt 0:10:18] unterminated} 14. e5 Ne8 $16 15. Bxh7+ Kxh7 16. Qh5+ Kg8 17. Re3 dxe5 18. fxe5 Rd8 19. Rf6 Qxe5 20. Rxe5 Bxf6 21. Re1 Bxd4+ 22. Be3 Nd3 23. Re2 Nf4 24. Qg4 Nxe2+ 25. Qxe2 Nf6 26. h3 Rd6 27. Bxd4 Rxd4 28. g4 Rfd8 29. g5 Ne4 30. g6 Nxc3 31. gxf7+ Kf8 32. Qh5 Rd1+ 33. Kh2 Ne4 34. Qh8+ Kxf7 35. Qh5+ Kg8 36. h4 {normal} R8d2+ 37. Kh3 Rh1+ {[%emt 0:00:11] normal} 0-1

[Event "DVM U20w 2019"]
[Site "Braunschweig"]
[Date "2019.12.28"]
[Round "3"]
[White "Möller, Lisa-Marie"]
[Black "Muedder, Melanie"]
[Result "0-1"]
[ECO "B30"]
[WhiteElo "1934"]
[BlackElo "1902"]
[Annotator "NA"]
[PlyCount "97"]
[EventDate "2019.12.27"]
[EventType "team-tourn"]
[EventRounds "7"]
[EventCountry "GER"]
[SourceTitle "playchess.com"]
[Source "ChessBase"]
[SourceQuality "1"]
[WhiteTeam "Düsseldorfer SK"]
[BlackTeam "SG Solingen"]
[TimeControl "40/5400+30:1800+30"]

1. e4 c5 2. Nf3 Nc6 3. Bb5 Nf6 4. Bxc6 dxc6 5. d3 {[%emt 0:00:00] unterminated} Qc7 (5... Nd7 6. e5 Nb6 7. Nbd2 Bf5 8. Qe2 e6 9. h3 Be7 10. Ne4 h6 11. O-O a5 12. Be3 Nd7 {½-½ (29) Amin,B (2684)-Rapport,R (2719) Abu Dhabi 2018}) 6. b3 {[%emt 0:00:03] B30: Sicilian: 2...Nc6 3 Bb5, lines without ...g6} Bg4 {[%emt 0:01:43] unterminated} 7. Bb2 {[%emt 0:01:01] unterminated} Nd7 {[%emt 0:03:41] unterminated} 8. Nbd2 {[%emt 0:02:26] unterminated} e5 {[%emt 0:00:50] unterminated} 9. h3 {[%emt 0:02:12] unterminated} Bh5 {[%emt 0:00:48] unterminated} 10. g4 Bg6 {[%emt 0:00:14] unterminated} 11. Nc4 $146 {[%emt 0:00:42] unterminated} ({Predecessor:} 11. Nh4 O-O-O 12. Nxg6 hxg6 {½-½ (47) Velicka,P (2435)-Roubalik,J (2400) Czech Republic 2017}) 11... f6 {[%emt 0:01:00] unterminated} 12. Qe2 {[%emt 0:06:43] unterminated} Bf7 {[%emt 0:06:41] unterminated} 13. Ne3 {[%emt 0:04:25] unterminated} Qa5+ {[%emt 0:06:30] unterminated} 14. Qd2 {[%emt 0:02:17] unterminated} Qc7 {[%emt 0:03:17] unterminated} 15. Bc3 {[%emt 0:06:53] unterminated} b6 {[%emt 0:05:25] unterminated} 16. a4 {[%emt 0:05:44] unterminated} a6 {[%emt 0:12:29] unterminated} 17. Rg1 {[%emt 0:11:49] unterminated} O-O-O {[%emt 0:11:18] unterminated} 18. b4 {[%emt 0:05:55] unterminated} cxb4 19. Bxb4 {[%emt 0:00:34] unterminated} Nc5 {[%emt 0:01:56] unterminated} 20. Bxc5 Bxc5 21. Rb1 {[%emt 0:01:26] unterminated} a5 {[%emt 0:05:08] unterminated} 22. Qc1 {[%emt 0:01:56] unterminated} Rd7 {[%emt 0:09:34] unterminated} 23. Qb2 {[%emt 0:01:58] unterminated} Rhd8 {[%emt 0:04:48] unterminated} 24. Ke2 {[%emt 0:07:49] unterminated} Bb4 {[%emt 0:08:05] unterminated} 25. Nd2 {[%emt 0:04:04] unterminated} Rd4 {[%emt 0:06:31] unterminated} 26. Nf5 R4d7 {[%emt 0:01:09] unterminated} 27. Rgd1 {[%emt 0:04:20] unterminated} g6 28. Ne3 {[%emt 0:00:14] unterminated} h5 {[%emt 0:01:25] unterminated} 29. Ndc4 {[%emt 0:03:33] unterminated} b5 30. axb5 {[%emt 0:00:37] unterminated} cxb5 {[%emt 0:00:13] unterminated} 31. Na3 {[%emt 0:03:23] unterminated} Qc5 {[%emt 0:02:01] unterminated} 32. Ra1 (32. gxh5 $17 g5 33. h6) 32... Bc3 33. Qxb5 Qxb5 34. Nxb5 {[%emt 0:00:04] unterminated} Bxa1 35. Rxa1 {[%emt 0:00:02] unterminated [#] unterminated} hxg4 ({Better is} 35... Kb7 $1 $17) 36. Nxg4 f5 {[%emt 0:01:18] unterminated} (36... Be6 $11) 37. Nxe5 {[%emt 0:00:33] unterminated} Rb7 {[%emt 0:01:30] unterminated} 38. Nxf7 Rxf7 {[%emt 0:00:13] unterminated} 39. Rxa5 fxe4 {[%emt 0:00:38] unterminated} 40. dxe4 Rfd7 41. Ra8+ Kb7 42. Rxd8 Rxd8 {[%emt 0:00:05] unterminated} 43. Kf3 {[%emt 0:00:00] unterminated} Kc6 {[%emt 0:00:00] unterminated} 44. Nc3 Kd6 {[%emt 0:00:00] unterminated} 45. Nd5 Ke5 {[%emt 0:00:00] unterminated} 46. Ne7 {[%emt 0:00:00] unterminated} Kf6 {[%emt 0:00:00] unterminated} 47. Nd5+ Ke5 48. c3 {[%emt 0:00:00] unterminated} Rh8 49. Nf4 {[%emt 0:00:00] normal} (49. Kg4 $11) 0-1

[Event "DVM U20w 2019"]
[Site "Braunschweig"]
[Date "2019.12.28"]
[Round "3"]
[White "Brunner, Sophia"]
[Black "Schumann, Rabea"]
[Result "0-1"]
[ECO "D93"]
[WhiteElo "1852"]
[BlackElo "1873"]
[Annotator "NA RC"]
[PlyCount "94"]
[EventDate "2019.12.27"]
[EventType "team-tourn"]
[EventRounds "7"]
[EventCountry "GER"]
[SourceTitle "playchess.com"]
[Source "ChessBase"]
[SourceQuality "1"]
[WhiteTeam "SK Nordhorn-Blanke"]
[BlackTeam "SG Güstrow/Teterow"]
[TimeControl "40/5400+30:1800+30"]

1. d4 Nf6 2. Nf3 g6 3. c4 Bg7 4. Nc3 d5 5. Bf4 {[%emt 0:00:12] unterminated} O-O {[%emt 0:12:33] unterminated} 6. e3 {[%emt 0:00:33] unterminated} c6 {[%emt 0:03:52] unterminated} 7. h3 {[%emt 0:00:49] unterminated} Nbd7 8. Rc1 {[%emt 0:01:30] unterminated} Qa5 {[%emt 0:04:02] unterminated unterminated. D93: Grünfeld: 4 Nf3 Bg7 5 Bf4 0-0 6 e3} 9. Qd2 {[%emt 0:08:50] unterminated} Re8 {[%emt 0:03:48] unterminated} ({Black should play} 9... dxc4 $14 10. Bxc4 b5 (10... Nh5 11. Bh2 e5 12. O-O Nb6 13. Bb3 exd4 14. exd4 Be6 15. Bxe6 fxe6 16. Rfe1 {½-½ (29) Erdos,V (2523)-Ftacnik,L (2567) Sibenik 2007})) 10. Be2 {[%emt 0:11:03] unterminated} dxc4 {[%emt 0:05:04] unterminated} 11. Bxc4 {[%emt 0:02:33] unterminated} Nb6 {[%emt 0:01:59] unterminated} 12. Bb3 {[%emt 0:01:19] unterminated} Nbd5 $146 {[%emt 0:02:16] unterminated} ({Predecessor:} 12... Nfd5 13. Bh2 Nxc3 14. bxc3 Nd5 {1-0 (37) Jelfs,A-Gillespie,D (1906) Glasgow 2003}) 13. Nxd5 Qxd2+ 14. Kxd2 {[%emt 0:01:05] unterminated} Nxd5 {[%emt 0:01:19] unterminated} 15. Bxd5 cxd5 16. Rc5 {[%emt 0:00:46] unterminated} e6 {[%emt 0:03:59] unterminated} 17. Be5 {[%emt 0:03:42] unterminated} Bf8 {[%emt 0:03:29] unterminated} 18. Rc7 {[%emt 0:02:09] unterminated} Bb4+ {[%emt 0:02:37] unterminated} 19. Kc1 {[%emt 0:10:05] unterminated} Ba5 {[%emt 0:04:52] unterminated} 20. Rc2 {[%emt 0:00:51] unterminated} Bd7 {[%emt 0:02:23] unterminated} 21. Nd2 {[%emt 0:11:17] unterminated} Rac8 {[%emt 0:03:09] unterminated} 22. Nb3 {[%emt 0:01:38] unterminated} Rxc2+ 23. Kxc2 {[%emt 0:00:04] unterminated} Rc8+ 24. Kb1 {[%emt 0:00:23] unterminated} Bb6 {[%emt 0:01:06] unterminated} 25. Rc1 {[%emt 0:02:03] unterminated} Rxc1+ 26. Kxc1 {[%emt 0:00:17] unterminated} Bb5 {[%emt 0:01:05] unterminated} 27. h4 {[%emt 0:04:28] unterminated} Bc4 {[%emt 0:01:56] unterminated} 28. Kc2 {[%emt 0:08:06] unterminated} Bxb3+ {[%emt 0:01:41] unterminated} 29. Kxb3 {[%emt 0:04:11] unterminated} Kf8 30. Kc3 Ke7 31. b4 a6 32. a4 Bd8 33. Bf4 Kd7 34. g3 b5 35. axb5 axb5 36. f3 h5 37. Kb3 f6 38. g4 e5 39. dxe5 fxe5 40. Bg3 e4 {[%emt 0:01:58] normal} 41. fxe4 dxe4 {[%emt 0:00:07] normal} 42. g5 Bb6 {[%emt 0:01:25] normal} 43. Bf2 {[%emt 0:00:54] normal} Ke6 44. Kc3 {[%emt 0:00:24] normal} Kf5 45. Kd2 {normal} Kg4 {[%emt 0:00:27] normal} 46. Ke2 Bc7 47. Be1 {[%emt 0:00:50] normal} Bd6 {[%emt 0:00:47] normal} 0-1

[Event "DVM U20w 2019"]
[Site "Braunschweig"]
[Date "2019.12.28"]
[Round "3"]
[White "Peglau, Sarah"]
[Black "Hartmann, Cora"]
[Result "1-0"]
[ECO "D10"]
[WhiteElo "1760"]
[BlackElo "1842"]
[Annotator "NA RC"]
[PlyCount "97"]
[EventDate "2019.12.27"]
[EventType "team-tourn"]
[EventRounds "7"]
[EventCountry "GER"]
[SourceTitle "playchess.com"]
[Source "ChessBase"]
[SourceQuality "1"]
[WhiteTeam "Schachzentrum Seeblick"]
[BlackTeam "SC Borussia Lichtenberg"]
[TimeControl "40/5400+30:1800+30"]

1. c4 c6 2. d4 d5 {[%emt 0:00:00] unterminated} 3. cxd5 cxd5 4. Nc3 {[%emt 0:00:43] unterminated} Nc6 5. Nf3 Nf6 {[%emt 0:00:27] unterminated} 6. Bf4 {[%emt 0:08:14] unterminated} Qb6 {[%emt 0:11:14] unterminated} 7. Na4 {[%emt 0:05:25] unterminated} Qa5+ {[%emt 0:02:14] unterminated unterminated. D13: Slav Defence: Exchange variation without ...Bf5} 8. Bd2 {[%emt 0:03:15] unterminated} Qc7 {[%emt 0:03:06] unterminated} (8... Qd8 9. e3 e6 10. Bb5 Bd7 11. O-O Ne4 12. Rc1 Rc8 13. Nc5 Bxc5 14. dxc5 Nxd2 15. Qxd2 O-O 16. b4 Qe7 17. Be2 a6 {1-0 (80) Hungaski,R (2511)-Molina,R (2453) Buenos Aires 2017}) 9. Rc1 {[%emt 0:02:30] unterminated} e6 {[%emt 0:04:31] unterminated} 10. Ne5 {[%emt 0:07:17] unterminated} Bd7 {[%emt 0:09:51] unterminated} 11. e3 {[%emt 0:07:40] unterminated} a6 $146 {[%emt 0:08:00] unterminated} ({Predecessor:} 11... Bd6 12. f4 Ne4 13. Bd3 Nxd2 14. Qxd2 Qa5 15. Nc5 Qxd2+ 16. Kxd2 Bxc5 17. Rxc5 {½-½ (40) Petrova,D-Shimanova,O (1870) Rybinsk 2008}) 12. Qb3 {[%emt 0:06:44] unterminated} Bd6 {[%emt 0:17:40] unterminated} 13. Nb6 {[%emt 0:02:35] unterminated} Rb8 {[%emt 0:07:59] unterminated} 14. Nbxd7 Nxd7 {[%emt 0:00:02] unterminated} 15. Nxc6 bxc6 16. Qc2 {[%emt 0:01:44] unterminated} c5 {[%emt 0:03:24] unterminated} 17. dxc5 {[%emt 0:02:05] unterminated} Qxc5 {[%emt 0:02:53] unterminated} 18. Qa4 {[%emt 0:16:18] unterminated} Qa7 {[%emt 0:03:58] unterminated} 19. Rc6 {[%emt 0:02:47] unterminated} Ke7 {[%emt 0:03:51] unterminated} 20. Rxa6 Qc5 21. Rc6 Rb4 22. Bxb4 Qxb4+ 23. Qxb4 Bxb4+ 24. Kd1 {[%emt 0:00:33] unterminated} Ne5 {[%emt 0:00:31] unterminated} 25. Rb6 Ng4 {[%emt 0:00:30] unterminated} 26. Ke2 Bd6 27. h3 {[%emt 0:00:28] unterminated} Ne5 {[%emt 0:00:55] unterminated} 28. Kd2 {[%emt 0:01:17] unterminated} Ra8 {[%emt 0:00:56] unterminated} 29. a3 Bc7 {[%emt 0:00:59] unterminated} 30. Rb7 Kd6 {[%emt 0:00:02] unterminated} 31. Bb5 Ba5+ {[%emt 0:00:48] unterminated} 32. b4 Bd8 {[%emt 0:00:10] unterminated} 33. f4 {[%emt 0:03:06] unterminated} Nc4+ 34. Ke2 e5 {[%emt 0:01:37] unterminated} 35. f5 e4 36. Rd7+ Ke5 37. Bxc4 dxc4 38. Rhd1 Bg5 39. R1d5+ Kf6 40. R5d6+ Ke5 41. Rd5+ Kf6 42. Ra5 Rc8 43. a4 c3 44. Rc5 Rxc5 45. bxc5 c2 46. Kd2 Bxe3+ 47. Kxc2 Bxc5 48. g4 {[%emt 0:00:28] normal} Bb4 $18 {[%emt 0:01:43] normal} 49. Rd4 {[%emt 0:00:23] normal} 1-0

[Event "DVM U20w 2019"]
[Site "Braunschweig"]
[Date "2019.12.28"]
[Round "3"]
[White "Meijerink, Inken"]
[Black "Puls, Luisa"]
[Result "1-0"]
[ECO "B76"]
[WhiteElo "1743"]
[BlackElo "1551"]
[Annotator "NA RC"]
[PlyCount "53"]
[EventDate "2019.12.27"]
[EventType "team-tourn"]
[EventRounds "7"]
[EventCountry "GER"]
[SourceTitle "playchess.com"]
[Source "ChessBase"]
[SourceQuality "1"]
[WhiteTeam "SK Nordhorn-Blanke"]
[BlackTeam "SG Güstrow/Teterow"]
[TimeControl "40/5400+30:1800+30"]

1. e4 c5 2. Nf3 d6 3. d4 cxd4 4. Nxd4 Nf6 5. Nc3 g6 6. f3 Bg7 7. Be3 O-O 8. Qd2 Nc6 9. g4 e6 10. h4 h5 11. gxh5 Nxh5 12. Nde2 Ne5 13. Nd4 b6 14. Be2 Nf6 15. Bg5 Bb7 16. h5 Qd7 17. h6 Bh8 18. Bb5 Qc7 19. h7+ Nxh7 20. Qh2 f6 21. Bf4 Qe7 22. Bxe5 dxe5 23. Nxe6 Rf7 24. Bc4 Bc8 25. Ng5 Kf8 26. Nxf7 Be6 27. Qxh7 {normal} 1-0